 Dungeon Crawl Stone Soup version 0.29-a0-334-gb41bcbb86e (webtiles) character file.

Game seed: 1021069268446112762

655 Six0Three the Grave Robber (level 7, -3/52 HPs)
             Began as a Demonspawn Brigand on Apr 14, 2022.
             Was an Initiate of Ashenzari.
             Killed by divine providence
             ... invoked by an orc priest
              (13 damage)
             ... on level 4 of the Dungeon.
             The game lasted 00:07:09 (4706 turns).

Six0Three the Grave Robber (Demonspawn Brigand)     Turns: 4706, Time: 00:07:10

Health: -3/52      AC:  7    Str: 11    XL:     7   Next: 29%
Magic:  18/18      EV: 18    Int: 13    God:    Ashenzari [......]
Gold:   186        SH:  0    Dex: 16    Spells: 9/9 levels left

rFire   . . .      SeeInvis .   w - +2 dagger (pain)
rCold   + . .      Faith    .   (no shield)
rNeg    . . .      Spirit   .   y - +0 ring mail
rPois   .          Reflect  .   (helmet restricted)
rElec   .          Harm     .   c - +0 cloak
rCorr   .          Rampage  .   (no gloves)
Will    .....                   r - +0 pair of boots
Stlth   ++........              e - amulet of Ashenzari's Annoyance {Regen+, Range, Cun} (curse)
HPRegen 0.97/turn               F - ring of magical power
MPRegen 0.16/turn               o - ring of protection from cold

@: mighty, agile
A: antennae 2, repulsion field 2, powered by pain 1
a: Renounce Religion, Shatter the Chains


You were on level 4 of the Dungeon.
You worshipped Ashenzari.
Ashenzari was noncommittal.
You visited 1 branch of the dungeon, and saw 5 of its levels.

You collected 186 gold pieces.

Inventory:

Hand Weapons
 a - a +2 dagger
 w - a +2 dagger of pain (weapon)
   (You found it on level 3 of the Dungeon)
Missiles
 d - 5 poisoned darts (quivered)
 i - 5 boomerangs
 z - 3 curare-tipped darts {!f}
Armour
 b - a +0 robe
 c - a +0 cloak (worn)
 r - a +0 pair of boots (worn)
   (You found it on level 2 of the Dungeon)
 y - a +0 ring mail (worn)
   (You found it on level 3 of the Dungeon)
Jewellery
 e - the cursed amulet of Ashenzari's Annoyance (around neck) {Regen+, Range, Cun}
   (You found it on level 3 of the Dungeon)

   [amulet of regeneration]

   Regen:     It increases your rate of health regeneration.
   It has a curse which improves the following skills: Ranged Combat: Slings,
   Bows, Crossbows and Throwing.
   Cunning:   Dodging and Stealth.
 o - a ring of protection from cold (right hand)
   (You found it on level 5 of the Dungeon)
 F - a ring of magical power (left hand)
   (You found it on level 1 of the Dungeon)
 G - a ring of ice
   (You found it on level 5 of the Dungeon)
Wands
 t - a wand of flame (15)
   (You found it on level 3 of the Dungeon)
 u - a wand of paralysis (10)
   (You found it on level 5 of the Dungeon)
 I - a wand of polymorph (6)
   (You found it on level 4 of the Dungeon)
Scrolls
 g - 2 scrolls of immolation {unknown}
 h - 3 scrolls of teleportation {unknown}
 k - 8 scrolls of identify {unknown}
 l - 2 scrolls of magic mapping {unknown}
 m - a scroll of fog {unknown}
 n - a scroll of brand weapon {unknown}
 q - a scroll of summoning {unknown}
 v - 3 scrolls of enchant weapon {unknown}
 x - a scroll of vulnerability {unknown}
 B - a scroll of blinking {unknown}
Potions
 f - 2 potions of attraction {unknown}
 j - 3 potions of brilliance {unknown}
 p - 3 potions of might
 s - 2 potions of lignification {unknown}
 A - 2 potions of degeneration {unknown}
 C - a potion of curing {unknown}
 D - a potion of haste {unknown}
 E - 2 potions of invisibility {unknown}
 H - a potion of magic {unknown}


   Skills:
 - Level 3.0 Fighting
 + Level 5.0 Short Blades
 - Level 1.7(2.1) Throwing
 - Level 0.8(1.1) Dodging
 - Level 4.0(4.4) Stealth
 + Level 1.9 Spellcasting
 - Level 5.0 Necromancy


You had 9 spell levels left.
You didn't know any spells.
Your spell library was empty.

Dungeon Overview and Level Annotations

Branches:
Dungeon (5/15)
 Temple: D:4-7

Altars:
Ashenzari
Elyvilon
Vehumet

Annotations:
D:5 Duvessa


Innate Abilities, Weirdness & Mutations

You have a pair of antennae on your head.
You are surrounded by a moderate repulsion field. (EV +3)
You sometimes gain a little power by taking damage.


Message History

Things that are here:
a +0 mace; an orc skeleton
There is an open door here.
Things that are here:
a +0 robe; a +1 dagger of holy wrath; an orc skeleton
Found a jewelled gold wand.
I - a wand of polymorph (6)
There is an open door here.
Things that are here:
a +0 robe; a +1 dagger of holy wrath; an orc skeleton
Things that are here:
a +0 mace; an orc skeleton You see here a +0 ring mail.
Done exploring.
Done exploring.
Done exploring.
Done exploring.
(D) Dungeon
Where to? (Enter - D:5 @ (x,y), ? - help) Unknown command.
The orc warrior shouts!
Throw: 8 darts (poison)
Aim: an orc warrior, wielding a +0 trident and wearing a +0 plate armour (62% to hit)
You throw a poisoned dart. The poisoned dart hits the orc warrior.
The orc warrior is poisoned.
Throw: 7 darts (poison)
Aim: an orc warrior, wielding a +0 trident and wearing a +0 plate armour (poisoned, 62% to hit)
You throw a poisoned dart. The poisoned dart hits the orc warrior.
The orc warrior looks even sicker.
Throw: 6 darts (poison)
Aim: an orc warrior, wielding a +0 trident and wearing a +0 plate armour (very poisoned, 62% to hit)
You throw a poisoned dart. The poisoned dart hits the orc warrior.
The orc warrior looks even sicker.
The orc priest calls down the wrath of Beogh upon you.
Beogh smites you!
The orc warrior hits you from afar with a +0 trident!
Okay, then.
You feel very mighty all of a sudden.
The orc warrior hits you from afar with a +0 trident!
* * * LOW HITPOINT WARNING * * *
You focus on the pain.
You feel agile all of a sudden.
The orc priest miscasts a cantrip.
Unknown command.
You puncture the orc warrior!
The orc warrior writhes in agony.
The orc warrior hits you with a +0 trident!
* * * LOW HITPOINT WARNING * * *
The orc priest mumbles some strange prayers to Beogh against you.
Beogh smites you!
You die...

.#.#
#......#.##.#........#.#...
##.#
#......#.##.#...####.#.#...
##.# #........##.##..#
#....#... ...#
#.........#.##..# #..###...
####
######....#.##..###........
##....#.##..#...#######
#.......##......#
#.......##......#
#.....@o##.†....#
#######o##......#
#(##..#...# ##(##..###.#
#.>........# #...########
#...# #####


You could see an orc warrior (very poisoned) and an orc priest.

Vanquished Creatures
  A black bear (D:5)
  A sky beast (D:5)
  An ogre (D:5)
  A scorpion (D:3)
  A hound (D:4)
  A jelly (D:5)
  3 iguanas
  2 orc wizards (D:4)
  6 adders
  A shadow imp (D:5)
  2 worms
  3 dart slugs
  7 orcs
  9 endoplasms
  3 giant cockroaches
  6 goblins
  4 hobgoblins
  2 jackals (D:4)
  5 quokkas
  6 ball pythons
  3 bats (D:1)
  3 frilled lizards
  2 kobolds
  7 rats
80 creatures vanquished.

Notes
Turn   | Place    | Note
-------+----------+-------------------------------------------
     0 | D:1      | Six0Three the Demonspawn Brigand began the quest for the
                  | Orb.
     0 | D:1      | Reached XP level 1. HP: 16/16 MP: 1/1
   369 | D:1      | Gained mutation: You have a pair of small antennae on your
                  | head. [demonic ancestry]
   369 | D:1      | Reached XP level 2. HP: 23/23 MP: 2/2
   788 | D:1      | Reached XP level 3. HP: 26/29 MP: 3/3
  2306 | D:3      | Gained mutation: You are surrounded by a mild repulsion
                  | field. (EV +2) [demonic ancestry]
  2306 | D:3      | Reached XP level 4. HP: 23/35 MP: 4/4
  2507 | D:3      | Reached skill level 1 in Necromancy
  2530 | D:3      | Noticed a scorpion
  2539 | D:3      | Killed a scorpion
  2540 | D:3      | Gained mutation: You have a pair of antennae on your head.
                  | [demonic ancestry]
  2540 | D:3      | Reached XP level 5. HP: 24/41 MP: 5/5
  3186 | D:3      | Found a broken altar of Ashenzari.
  3260 | D:3      | Became a worshipper of Ashenzari the Shackled
  3366 | D:4      | Noticed an orc warrior
  3760 | D:4      | Gained mutation: You are surrounded by a moderate repulsion
                  | field. (EV +3) [demonic ancestry]
  3760 | D:4      | Reached XP level 6. HP: 39/47 MP: 6/6
  3909 | D:5      | Entered Level 5 of the Dungeon
  3991 | D:5      | Noticed a sky beast
  4011 | D:5      | Killed a sky beast
  4097 | D:5      | Noticed Duvessa
  4233 | D:5      | Reached skill level 5 in Necromancy
  4310 | D:5      | Reached skill level 1 in Spellcasting
  4310 | D:5      | Gained mutation: You sometimes gain a little power by
                  | taking damage. [demonic ancestry]
  4310 | D:5      | Reached XP level 7. HP: 41/52 MP: 8/8
  4517 | D:4      | Found a radiant altar of Vehumet.
  4551 | D:4      | Reached skill level 5 in Short Blades
  4706 | D:4      | Killed from afar by an orc priest

Illustrated notes

Levels and vault maps discovered:
D:1:      erik_arrival_blinker_ship, layout_basic
D:2:      layout_rooms
D:3:      layout_loops_cross, mainiacjoe_overflow_catwalk,
          lemuel_coloured_pillars_altar
D:4:      layout_basic, nicolae_overflow_hidden_temple
D:5:      layout_loops_cross, uniq_duvessa

Skill      XL: |  1  2  3  4  5  6  7 |
---------------+----------------------+-----
Fighting       | 3 |  3.0
Stealth        | 4 |  4.0
Short Blades   | 2 3 4 5 |  5.0
Necromancy     | 3 4 5 |  5.0
Spellcasting   | 1 |  1.9
Throwing       | |  1.7
Dodging        | |  0.8

Action                   |  1- 3 |  4- 6 |  7- 9 || total
-------------------------+-------+-------+-------++-------
Melee: Dagger            |   131 |    87 |    34 ||   252
       Punch             |       |       |     1 ||     1
Throw: Dart              |       |    10 |     3 ||    13
Invok: Curse Item        |       |     1 |       ||     1
  Use: Potion            |     1 |     1 |     1 ||     3
 Stab: Sleeping          |     7 |    11 |     1 ||    19
       Distracted        |       |     1 |       ||     1
Armor: Robe              |    34 |     2 |       ||    36
       Ring mail         |       |    10 |    11 ||    21
Dodge: Dodged            |    60 |    43 |    23 ||   126

Table legend: (Time is in decaauts)
 A = Elapsed time spent in this place.
 B = Non-inter-level travel time spent in this place.
 C = Inter-level travel time spent in this place.
 D = Time resting spent in this place.
 E = Time spent auto-exploring this place.
 F = Levels seen in this place.
 G = Mean time per level.
                   A        B        C        D        E       F      G
               +--------+--------+--------+--------+--------+-----+--------+
         Total |   4669 |   4424 |    245 |   1461 |   2122 |   5 |  933.8 |
       Dungeon |   4669 |   4424 |    245 |   1461 |   2122 |   5 |  933.8 |
               +--------+--------+--------+--------+--------+-----+--------+

Top non-repeatable levels by time:
     D:3: 1202 daAuts
     D:1: 1193 daAuts
     D:2: 988 daAuts
     D:4: 684 daAuts
     D:5: 600 daAuts
